 Dungeon Crawl Stone Soup version 0.21.1-1-g345015f (webtiles) character file.

1262 JeffiDaFish the Firebug (level 8, -1/57 HPs)
             Began as a Yellow Draconian Fire Elementalist on Apr 7, 2018.
             Was a Believer of Vehumet.
             Slain by a centaur
             ... wielding a cursed -1 shortbow
              (8 damage)
             ... on level 5 of the Dungeon on Apr 8, 2018.
             The game lasted 00:18:38 (5887 turns).

JeffiDaFish the Firebug (DrFE)                      Turns: 5887, Time: 00:18:39

Health: -1/57      AC:  6    Str: 11    XL:     8   Next: 27%
Magic:  10/16      EV: 12    Int: 18    God:    Vehumet [**....]
Gold:   380        SH:  0    Dex: 11    Spells: 5/18 levels left

rFire    + . .     SeeInvis .   f - +1 spear
rCold    x . .     Gourm    .   (no shield)
rNeg     . . .     Faith    .   (armour unavailable)
rPois    .         Spirit   .   (helmet restricted)
rElec    .         Reflect  .   (no cloak)
rCorr    +         Harm     .   (no gloves)
MR       .....                  (no boots)
Stlth    ++........             (no amulet)
HPRegen  0.19/turn              e - ring of fire
MPRegen  0.15/turn              (no ring)

@: no status effects
A: spit acid, acid resistance, unfitting armour, cold-blooded, AC +6
a: Breathe Acid, Renounce Religion


You were on level 5 of the Dungeon.
You worshipped Vehumet.
Vehumet was pleased with you.
You were not hungry.

You visited 2 branches of the dungeon, and saw 6 of its levels.
You also visited: Sewer.

You collected 380 gold pieces.

Inventory:

Hand Weapons
 f - a +1 spear (weapon)
 n - a +0 flail of draining
Jewellery
 e - a ring of fire (left hand)
Wands
 h - a wand of random effects (34)
Scrolls
 g - 4 scrolls of identify
 i - a scroll of enchant armour
 l - 3 scrolls of teleportation
 p - a scroll of fog {unknown}
Potions
 c - 11 potions of heal wounds
 d - a potion of lignification
 j - 8 potions of curing
Books
 a - a book of Flames

   Spells                             Type                      Level
   a - Flame Tongue                   Conjuration/Fire             1
   b - Throw Flame                    Conjuration/Fire             2
   c - Conjure Flame                  Conjuration/Fire             3
   d - Inner Flame                    Hexes/Fire                   3
   e - Sticky Flame                   Conjuration/Fire             4
   f - Fireball                       Conjuration/Fire             5
 k - a Necronomicon

   Spells                             Type                      Level
   a - Haunt                          Necromancy/Summoning         7
   b - Borgnjor's Revivification      Necromancy                   8
   c - Death's Door                   Charms/Necromancy            8
   d - Infestation                    Necromancy                   8
   e - Necromutation                  Transmutation/Necromancy     8
 m - a book of Misfortune

   Spells                             Type                      Level
   a - Confusing Touch                Hexes                        1
   b - Confuse                        Hexes                        3
   c - Gell's Gravitas                Translocation                3
   d - Petrify                        Transmutation/Earth          4
   e - Metabolic Englaciation         Hexes/Ice                    5
   f - Yara's Violent Unravelling     Hexes/Transmutation          5
Comestibles
 b - 8 rations


   Skills:
 - Level 1.7 Dodging
 - Level 1.7 Stealth
 + Level 5.6 Spellcasting
 + Level 5.6 Conjurations
 + Level 6.5 Fire Magic


You had 5 spell levels left.
You knew the following spells:

 Your Spells              Type           Power        Failure   Level  Hunger
a - Flame Tongue          Conj/Fire      #####        1%          1    None
b - Conjure Flame         Conj/Fire      #####...     3%          3    ##.....
c - Sticky Flame          Conj/Fire      #####...     10%         4    ####...
d - Fireball              Conj/Fire      #####.....   28%         5    #####..


Dungeon Overview and Level Annotations

Branches:
Dungeon (5/15)             Temple (1/1) D:4

Altars:
Cheibriados
Dithmenos
Hepliaklqana
Kikubaaqudgha
Makhleb
Nemelex Xobeh
Trog
Vehumet
Yredelemnul


Innate Abilities, Weirdness & Mutations

You can spit globs of acid.
You are resistant to acid.
Your golden yellow scales are hard. (AC +6)
You cannot fit into any form of body armour.
You are cold-blooded and may be slowed by cold attacks.


Message History

The centaur is heavily wounded.
The centaur shoots an arrow.
The arrow hits you!
* * * LOW HITPOINT WARNING * * *
Casting: Flame Tongue
Confirm with . or Enter, or press ? or * to list all spells.
You don't know that spell.
The centaur hits you with a shortbow.
* * * LOW HITPOINT WARNING * * *
The centaur hits you with a shortbow.
* * * LOW HITPOINT WARNING * * *
Casting: Flame Tongue
Confirm with . or Enter, or press ? or * to list all spells.
Aiming: Sticky Flame
Press: ? - help, Shift-Dir - straight line, f/p - centaur
Aim: a centaur, wielding a shortbow (heavily wounded)
You feel a surge of power!
The sticky flame hits the centaur.
The centaur is severely wounded.
The centaur is covered in liquid flames!
The centaur burns!
The centaur hits you with a shortbow!
You die...

.#.≈########
##≈≈.###..≈##
##.##
##≈≈≈##≈..≈.#
....###
##≈≈#≈≈≈#≈.#
#..... #≈≈#≈.≈#≈.#
#.... #≈≈#≈.≈#≈.#
#...#
#.≈#≈.≈#≈≈#.##...#
#.≈#≈≈≈#≈.#..c...#
#≈≈#≈≈≈#≈≈# #@#
#≈≈..≈##≈≈## #(#
##...###≈≈≈# #(#
##### ##≈.# #.#
##...###.#
#.####.###.##.#
#......# #....#
######.###.####
##..<##


You could see a centaur (burning).

Vanquished Creatures
  The ghost of Firecrotchwizard the Ruffian, an amateur VSMo (D:3)
  An ice beast (D:5)
  A phantom (D:4)
  6 big kobolds (Sewer)
  A hound (D:4)
  4 orc wizards
  2 orc priests
  3 worker ants
  Robin (D:3)
  4 gnolls (D:2)
  3 river rats (Sewer)
  5 adders
  2 oozes (D:3)
  2 worms (D:2)
  A dart slug (D:3)
  5 leopard geckos
  13 orcs
  9 giant cockroaches
  17 goblins
  9 hobgoblins
  4 jackals (D:3)
  4 quokkas
  7 ball pythons
  10 bats
  3 frilled lizards
  15 kobolds
  29 rats
162 creatures vanquished.

Notes
Turn   | Place    | Note
-------+----------+-------------------------------------------
     0 | D:1      | JeffiDaFish the Draconian Fire Elementalist began the quest for the Orb.
     0 | D:1      | Reached XP level 1. HP: 14/14 MP: 3/3
   224 | D:1      | Reached XP level 2. HP: 20/20 MP: 1/5
   861 | D:2      | Reached XP level 3. HP: 9/26 MP: 0/6
  1098 | D:2      | Learned a level 3 spell: Conjure Flame
  1361 | D:2      | Reached XP level 4. HP: 30/33 MP: 4/8
  1390 | D:2      | Learned a level 4 spell: Sticky Flame
  1757 | D:2      | Reached skill level 4 in Fire Magic
  1938 | D:3      | Noticed Robin
  2078 | D:3      | Killed Robin
  2287 | D:3      | Noticed Firecrotchwizard's ghost (amateur VSMo)
  2310 | D:3      | Killed Firecrotchwizard's ghost
  2310 | D:3      | Reached XP level 5. HP: 29/38 MP: 3/10
  2644 | D:3      | Reached XP level 6. HP: 45/45 MP: 7/11
  2840 | D:3      | Found a sparkling altar of Nemelex Xobeh.
  2840 | D:3      | Found a transporter.
  3413 | D:4      | Found a staircase to the Ecumenical Temple.
  3422 | Temple   | Entered the Ecumenical Temple
  3520 | Temple   | Became a worshipper of Vehumet
  3582 | D:4      | Found a snail-covered altar of Cheibriados.
  3637 | D:4      | Reached skill level 5 in Fire Magic
  3918 | D:4      | Your scales start taking on a golden yellow colour.
  3918 | D:4      | Reached XP level 7. HP: 50/50 MP: 6/13
  4508 | D:5      | Entered Level 5 of the Dungeon
  4614 | D:5      | Learned a level 5 spell: Fireball
  4889 | D:5      | Reached * piety under Vehumet
  4889 | D:5      | Offered knowledge of Sandblast by Vehumet.
  4907 | D:5      | Found a glowing drain.
  4919 | Sewer    | Entered a sewer
  5147 | Sewer    | Reached skill level 5 in Spellcasting
  5147 | Sewer    | Reached skill level 5 in Conjurations
  5147 | Sewer    | Reached skill level 6 in Fire Magic
  5279 | Sewer    | Reached XP level 8. HP: 57/57 MP: 12/15
  5319 | Sewer    | Offered knowledge of Freeze by Vehumet.
  5324 | Sewer    | Reached ** piety under Vehumet
  5887 | D:5      | Slain by a centaur

Skill      XL: |  1  2  3  4  5  6  7 |
---------------+----------------------+-----
Conjurations   | 2 3 4 5 |  5.6
Fire Magic     | 4 5 6 |  6.5
Spellcasting   | 3 4 5 |  5.6
Dodging        | |  1.7
Stealth        | |  1.7

Action                   |  1- 3 |  4- 6 |  7- 9 || total
-------------------------+-------+-------+-------++-------
Melee: Dagger            |    26 |       |       ||    26
       Spear             |    28 |   110 |    87 ||   225
       Tailslap          |     3 |     6 |     7 ||    16
 Cast: Flame Tongue      |    25 |    83 |    61 ||   169
       Conjure Flame     |     1 |     1 |       ||     2
       Sticky Flame      |       |     3 |    14 ||    17
 Abil: Breathe Acid      |       |       |     1 ||     1
  Use: Scroll            |     4 |     6 |     2 ||    12
       Potion            |     2 |     3 |     2 ||     7
 Stab: Sleeping          |     2 |       |     1 ||     3
  Eat: Chunk             |     2 |     9 |     9 ||    20
Armor: Skin              |    16 |    52 |    41 ||   109
Dodge: Dodged            |    59 |    92 |    75 ||   226
